 Dungeon Crawl Stone Soup version 0.26-a0-113-gd8a95b691d (webtiles) character file.

Game seed: 16596077669895389921

328 tilp the Vexing (level 6, -3/28 HPs)
             Began as a Spriggan Enchanter on June 26, 2020.
             Was a Follower of Dithmenos.
             Slain by a gnoll shaman
             ... wielding a +0 club
              (9 damage)
             ... on level 5 of the Dungeon.
             The game lasted 00:11:31 (4880 turns).

tilp the Vexing (Spriggan Enchanter)                Turns: 4880, Time: 00:11:31

Health: -3/28      AC:  4    Str:  4    XL:     6   Next: 25%
Magic:  3/13       EV: 18    Int: 19    God:    Dithmenos [*.....]
Gold:   186        SH:  0    Dex: 16    Spells: 4/13 levels left

rFire    . . .     SeeInvis +   a - +1 dagger
rCold    . . .     Faith    .   (shield restricted)
rNeg     . . .     Spirit   .   b - +0 robe
rPois    .         Reflect  .   (helmet restricted)
rElec    .         Harm     .   n - +1 cloak
rCorr    .                      (gloves unavailable)
MR       +....                  (boots unavailable)
Stlth    +++.......             (no amulet)
HPRegen  0.09/turn              s - ring of wizardry
MPRegen  0.13/turn              (no ring)

@: confusing touch, wreathed by umbra, very quick
A: very small, unfitting armour, see invisible, herbivore, speed 3, slow
metabolism 2
a: Renounce Religion


You were on level 5 of the Dungeon.
You worshipped Dithmenos.
Dithmenos was aware of your devotion.
You were near starving.

You visited 1 branch of the dungeon, and saw 6 of its levels.
You also visited: Ossuary.

You collected 186 gold pieces.

Inventory:

Hand Weapons
 a - a +1 dagger (weapon)
Missiles
 t - 30 poisoned darts (quivered)
Armour
 b - a +0 robe (worn)
 n - a +1 cloak (worn)
Jewellery
 s - a ring of wizardry (left hand)
Scrolls
 d - a scroll of fear {unknown}
 e - a scroll of teleportation {unknown}
 f - a scroll of amnesia {unknown}
 h - a scroll of immolation {unknown}
 i - 6 scrolls of remove curse
 j - a scroll of fog {unknown}
 l - a scroll of enchant armour {unknown}
 r - a scroll of magic mapping
 v - a scroll of noise {unknown}
 y - a scroll of random uselessness {unknown}
Potions
 g - a potion of heal wounds
 k - 2 potions of curing
 m - 2 potions of lignification
 o - 7 potions of might
 p - 2 potions of haste
 q - 2 potions of magic
 u - 3 potions of stabbing
 w - a potion of invisibility {unknown}
Comestibles
 c - 7 rations


   Skills:
 + Level 4.5 Short Blades
 - Level 3.0 Dodging
 - Level 4.4 Stealth
 - Level 4.0 Spellcasting
 + Level 6.2 Hexes


You had 4 spell levels left.
You knew the following spells:

 Your Spells              Type           Power        Failure   Level  Hunger
a - Corona                Hex            ####...      1%          1    None
b - Ensorcelled Hibernat  Hex/Ice        ###...       2%          2    ##.....
c - Confusing Touch       Hex            ####....     1%          3    ###....
d - Tukima's Dance        Hex            ####....     1%          3    ###....

Your spell library contained the following spells:

 Spells                   Type           Power        Failure   Level  Hunger
 Dazzling Flash           Conj/Hex       ###...       4%          3    ###....


Dungeon Overview and Level Annotations

Branches:
Dungeon (6/15)             Temple (0/1) D:4         Ossuary (visited)

Altars:
Dithmenos
Elyvilon
Zin

Annotations:
D:3 2 transporters, bmj180's ghost, amateur DrCj


Innate Abilities, Weirdness & Mutations

You are very small and have problems with some larger weapons.
You are too small for most types of armour.
You have supernaturally acute eyesight. (SInv)
You are a herbivore.
You cover ground extremely quickly.
You need to consume almost no food.


Message History

Aim: a gnoll shaman, wielding a +0 club and wearing a +0 leather armour (umbra, chance to defeat MR: 46%)
The gnoll shaman resists with some effort.
The gnoll shaman hits you with a +0 club!
* * * LOW HITPOINT WARNING * * *
Casting: Ensorcelled Hibernation (safe; 2% risk of failure)
Confirm with . or Enter, or press ? or * to list all spells.
Aiming: Ensorcelled Hibernation (safe; 2% risk of failure)
Press: ? - help, Shift-Dir - straight line, f/p - gnoll shaman
Aim: a gnoll shaman, wielding a +0 club and wearing a +0 leather armour (umbra, chance to defeat MR: 46%)
The gnoll shaman resists with some effort.
The gnoll shaman misses you.
Casting: Ensorcelled Hibernation (safe; 2% risk of failure)
Confirm with . or Enter, or press ? or * to list all spells.
Your hands begin to glow red.
You are near starving!
The gnoll shaman hits you with a +0 club.
* * * LOW HITPOINT WARNING * * *
You barely miss the gnoll shaman.
The gnoll shaman hits you with a +0 club!
You die...

#.# ... #.#
#.# #.#
#####Z#####
#.........#
#g# #.# #@#
#.# #.###.#
###.....##
#.......%#
#........#
.#........#
...........#
............#
.......######


You could see a gnoll shaman and a quokka zombie.

Vanquished Creatures
  A centaur zombie (D:5)
  Jessica (D:2)
  A worker ant (D:6)
  A hound skeleton (D:4)
  3 mummies (Ossuary)
  8 adders
  An ooze (D:3)
  10 adder zombies (Ossuary)
  5 worms
  3 leopard geckos
  3 orcs
  4 giant cockroaches
  3 goblins
  3 hobgoblins (D:2)
  3 kobolds
  2 quokkas
  4 ball pythons
  7 bats
  4 frilled lizards
  A goblin zombie (Ossuary)
  A hobgoblin zombie (Ossuary)
  2 kobold zombies (Ossuary)
  An orc zombie (Ossuary)
  A quokka skeleton (D:2)
  3 quokka zombies (Ossuary)
  2 rats (D:2)
78 creatures vanquished.

Notes
Turn   | Place    | Note
-------+----------+-------------------------------------------
     0 | D:1      | tilp the Spriggan Enchanter began the quest for the Orb.
     0 | D:1      | Reached XP level 1. HP: 9/9 MP: 5/5
   209 | D:1      | You fall into a shaft and drop 1 floor!
   212 | D:2      | Reached XP level 2. HP: 13/13 MP: 7/7
   216 | D:2      | Learned a level 2 spell: Ensorcelled Hibernation
   267 | D:1      | Reached skill level 4 in Hexes
   828 | D:2      | Reached XP level 3. HP: 13/16 MP: 1/8
  1145 | D:2      | Noticed Jessica
  1152 | D:2      | Killed Jessica
  1463 | D:2      | Reached XP level 4. HP: 21/21 MP: 4/10
  1874 | D:2      | Found a glowing silver altar of Zin.
  2245 | D:2      | Learned a level 3 spell: Confusing Touch
  2249 | D:2      | Learned a level 3 spell: Tukima's Dance
  2381 | D:3      | Noticed a hungry ghost
  2384 | D:3      | Found a transporter.
  2384 | D:3      | Noticed bmj180's ghost (amateur DrCj)
  2389 | D:3      | Found a transporter.
  2680 | D:3      | Reached skill level 5 in Hexes
  2846 | D:3      | Reached XP level 5. HP: 24/24 MP: 5/12
  3403 | D:4      | Found a shadowy altar of Dithmenos.
  3413 | D:4      | Became a worshipper of Dithmenos the Shadowed
  3425 | D:4      | Found a sand-covered staircase.
  3430 | Ossuary  | Entered an ossuary
  4576 | D:4      | Found a white marble altar of Elyvilon.
  4595 | D:4      | Found a staircase to the Ecumenical Temple.
  4741 | D:4      | Reached * piety under Dithmenos
  4762 | D:4      | Reached XP level 6. HP: 28/28 MP: 10/13
  4829 | D:4      | You fall into a shaft and drop 2 floors!
  4834 | D:6      | Reached skill level 6 in Hexes
  4841 | D:5      | Entered Level 5 of the Dungeon
  4880 | D:5      | Slain by a gnoll shaman

Illustrated notes

Levels and vault maps discovered:
D:1:      minmay_arrival_shattered_statue, layout_basic,
          minmay_misc_feat_encased
D:2:      layout_rooms, lemuel_coloured_pillars_altar, first_ration,
          kennysheep_generic_room_8, uniq_jessica
D:3:      layout_loops_ring, gammafunk_ghost_mausoleum
D:4:      layout_basic, lemuel_crystal_altar, lemuel_round_altar,
          lemuel_doored_altar, minmay_temple_entry_arrows,
          nicolae_ossuary_entry_false_entrances
D:5:      layout_basic
D:6:      layout_loops_cross

Skill      XL: |  1  2  3  4  5  6 |
---------------+-------------------+-----
Spellcasting   | 3 4 |  4.0
Hexes          | 4 5 6 |  6.2
Short Blades   | 2 3 4 |  4.5
Dodging        | |  3.0
Stealth        | |  4.4

Action                   |  1- 3 |  4- 6 || total
-------------------------+-------+-------++-------
Melee: Dagger            |    43 |   247 ||   290
 Cast: Corona            |     4 |       ||     4
       Ensorcelled Hiber |    15 |    39 ||    54
       Confusing Touch   |       |    18 ||    18
  Use: Scroll            |       |    11 ||    11
 Stab: Sleeping          |    14 |    27 ||    41
       Confused          |       |    15 ||    15
  Eat: Ration            |       |     2 ||     2
Armor: Robe              |     5 |    27 ||    32
Dodge: Dodged            |    36 |   158 ||   194

Table legend:
 A = Non-vault XP
 B = Vault XP
 C = Vault XP percentage of total XP
 D = Non-vault monster count
 E = Vault monster count
 F = Vault count percentage of total count
                 A         B        C        D         E       F
            +---------+---------+-------+---------+---------+-------
      Total |     312 |     157 |  33.5 |      55 |      23 |  29.5
            +---------+---------+-------+---------+---------+-------
        D:1 |      15 |       0 |   0.0 |       9 |       0 |   0.0
        D:2 |      86 |      39 |  31.2 |      23 |       2 |   8.0
        D:3 |      58 |       0 |   0.0 |      13 |       0 |   0.0
        D:4 |      68 |       0 |   0.0 |       7 |       0 |   0.0
        D:5 |      51 |       0 |   0.0 |       2 |       0 |   0.0
        D:6 |      34 |       0 |   0.0 |       1 |       0 |   0.0
    Ossuary |       0 |     118 | 100.0 |       0 |      21 | 100.0
            +---------+---------+-------+---------+---------+-------
